 Dungeon Crawl Stone Soup version 0.21-a0-82-gdb84782 (webtiles) character file.

314790 Lavandula the Reanimator (level 20, -22/154 HPs)
             Began as a Mummy Arcane Marksman on June 24, 2017.
             Was an Initiate of Gozag.
             Killed by the air
             ... invoked by a titan
              (25 damage)
             ... on level 5 of the Vaults.
             The game lasted 05:31:54 (34114 turns).

Lavandula the Reanimator (Mummy Arcane Marksman)   Turns: 34114, Time: 05:32:00

Health: -22/154    AC: 23    Str: 14    XL:     20   Next: 49%
Magic:  9/36       EV: 22    Int: 15    God:    Gozag
Gold:   275        SH:  9    Dex: 21    Spells: 2/43 levels left

rFire    + . .     SeeInvis +   I - +9 mace of Purpose {freeze, rElec SInv Stlth+}
rCold    + . .     Gourm    .   w - +3 buckler of the Forsaken Yaks {+Fly Int-2 Slay+6 Stlth+}
rNeg     + + +     Faith    .   a - quicksilver dragon scales
rPois    ∞         Spirit   .   E - +1 helmet {SInv}
rElec    +         Reflect  .   k - +2 cloak
rCorr    .         Harm     .   x - +0 pair of gloves
MR       ++++.                  T - +2 pair of boots {Fly}
Stlth    ++++++....             W - amulet of Vitality {Regen+ HP+15}
HPRegen  0.75/turn              f - +3 ring of evasion
MPRegen  0.25/turn              B - ring "Jeosop" {*Slow rF++ MR+ Dex+5}

@: studying Fire Magic
A: no food or potions, fire vulnerability, cold resistance 1, negative energy
resistance 3, torment resistance, unbreathing, in touch with death 1
}: 2/15 runes: barnacled, gossamer
a: Potion Petition, Call Merchant, Bribe Branch, Renounce Religion, Evoke Flight


You were on level 5 of the Vaults.
You worshipped Gozag.
Gozag was aware of your devotion.
You were not hungry.

You visited 7 branches of the dungeon, and saw 38 of its levels.
You also visited: Ossuary, Bailey and Ice Cave.

You collected 18451 gold pieces.
You spent 7030 gold pieces at shops.
You paid 11146 gold pieces to Gozag.

Inventory:

Hand Weapons
 j - a +9 demon trident of electrocution
 I - the +9 mace of Purpose (weapon) {freeze, rElec SInv Stlth+}
   (You bought it in a shop on level 8 of the Dungeon)

   It has been specially enchanted to freeze those struck by it, causing extra
   injury to most foes and up to half again as much damage against particularly
   susceptible opponents.
   It can also slow down cold-blooded creatures.
   It insulates you from electricity.
   It lets you see invisible.
   It makes you more stealthy.
 N - a +3 demon whip of electrocution
 Q - a +4 demon trident of draining
Missiles
 G - 5 throwing nets
 K - 106 javelins (quivered)
 V - 19 javelins of penetration
Armour
 a - quicksilver dragon scales (worn)
 k - a +2 cloak (worn)
 t - the +4 shield of Liberty {rF+ rCorr}
   (You acquired it on level 3 of the Shoals)

   It protects you from fire.
   It protects you from acid and corrosion.
 w - the +3 buckler of the Forsaken Yaks (worn) {+Fly Int-2 Slay+6 Stlth+}
   (You found it on level 5 of the Dungeon)

   It affects your intelligence (-2).
   It affects your accuracy and damage with ranged weapons and melee attacks
   (+6).
   It lets you fly.
   It makes you more stealthy.
 x - a +0 pair of gloves (worn)
 E - a +1 helmet of see invisible (worn)
 T - a +2 pair of boots of flying (worn)
 U - the +4 pearl dragon scales of Beunabi {rC- rN+ Int+6}
   (You bought it in a shop on level 1 of the Lair of Beasts)

   It affects your intelligence (+6).
   It makes you vulnerable to cold.
   It protects you from negative energy.
Magical Staves
 r - an uncursed staff of summoning
 v - an uncursed staff of wizardry
Jewellery
 f - a +3 ring of evasion (left hand)
 i - an uncursed ring of fire
 B - the ring "Jeosop" (right hand) {*Slow rF++ MR+ Dex+5}
   (You bought it in a shop on level 2 of the Orcish Mines)

   [ring of protection from magic]

   It affects your dexterity (+5).
   It greatly protects you from fire.
   It affects your resistance to hostile enchantments.
   It may slow you when you take damage.
 D - the ring "Mefuarph" {Str+3 Stlth+}
   (You found it on level 1 of the Vaults)

   [ring of stealth]

   It affects your strength (+3).
   It makes you more stealthy.
 L - the ring of False Pretenses {rC+ rN++ Int+6}
   (You acquired it on level 3 of the Crypt)

   [ring of intelligence]

   It affects your intelligence (+6).
   It protects you from cold.
   It greatly protects you from negative energy.
 P - a cursed ring of loudness {unknown}
 S - an uncursed ring of resist corrosion
 W - the amulet of Vitality (around neck) {Regen+ HP+15}
   (You bought it in a shop on level 4 of the Vaults)

   [amulet of regeneration]

   It affects your health (+15).
   It increases your rate of regeneration.
Wands
 g - a wand of paralysis (21/24)
 p - a wand of paralysis (15/24)
 y - a wand of digging (8/24)
 C - a wand of disintegration (16/24)
 F - a wand of paralysis (4/24)
 X - a wand of paralysis (8/24)
 Y - a wand of iceblast (8/15)
Scrolls
 b - 8 scrolls of remove curse
 c - 14 scrolls of identify
 h - 4 scrolls of amnesia
 l - 5 scrolls of enchant weapon
 o - 6 scrolls of recharging
 u - 4 scrolls of fog
 z - 3 scrolls of immolation
Books
 e - a book of Summonings

   Spells                             Type                      Level
   a - Recall                         Summoning/Translocation      3
   b - Aura of Abjuration             Summoning                    5
   c - Summon Demon                   Summoning                    5
   d - Summon Forest                  Summoning/Translocation      5
   e - Summon Mana Viper              Hexes/Summoning              5
   f - Shadow Creatures               Summoning                    6
 n - a book of Unlife

   Spells                             Type                      Level
   a - Recall                         Summoning/Translocation      3
   b - Animate Dead                   Necromancy                   4
   c - Control Undead                 Necromancy                   4
   d - Cigotuvi's Embrace             Necromancy                   5
   e - Death Channel                  Necromancy                   6
   f - Simulacrum                     Ice/Necromancy               6
 A - the Reference Book on Dark Rituals
   (You found it on level 3 of the Crypt)

   Spells                             Type                      Level
   a - Vampiric Draining              Necromancy                   3
   b - Animate Dead                   Necromancy                   4
   c - Control Undead                 Necromancy                   4
   d - Dispel Undead                  Necromancy                   5
   e - Simulacrum                     Ice/Necromancy               6
   f - Necromutation                  Transmutation/Necromancy     8
 M - a manual of Fire Magic
Miscellaneous
 d - a phial of floods (inert)
 q - 2 sacks of spiders
 H - a crystal ball of energy
 R - a lamp of fire (inert)


   Skills:
 - Level 7.3 Fighting
   Level 2.8 Short Blades
 - Level 11.8 Maces & Flails
 - Level 10.2 Polearms
   Level 5.1 Crossbows
 - Level 8.9 Armour
 + Level 10.6 Dodging
 - Level 9.0 Stealth
 - Level 5.4 Shields
 - Level 12.3 Spellcasting
 - Level 6.5 Hexes
 - Level 4.8 Charms
 - Level 11.0 Summonings
 - Level 13.4 Necromancy
 - Level 5.0 Translocations
 - Level 1.6 Ice Magic
 - Level 6.5 Air Magic
 - Level 6.8 Evocations


You had 2 spell levels left.
You knew the following spells:

 Your Spells              Type           Power        Failure   Level  Hunger
a - Death Channel         Necr           ######....   9%          6    N/A
b - Summon Demon          Summ           #####.....   4%          5    N/A
c - Cause Fear            Hex            ####......   9%          4    N/A
d - Ozocubu's Armour      Chrm/Ice       ###.....     11%         3    N/A
e - Call Canine Familiar  Summ           #####...     1%          3    N/A
f - Control Undead        Necr           ######....   1%          4    N/A
g - Summon Forest         Summ/Tloc      ####......   14%         5    N/A
h - Swiftness             Chrm/Air       ####....     1%          2    N/A
i - Summon Lightning Spi  Summ/Air       #####...     3%          4    N/A
s - Shroud of Golubria    Chrm/Tloc      ###.......   2%          2    N/A
w - Spectral Weapon       Hex/Chrm       ####....     4%          3    N/A

Dungeon Overview and Level Annotations

Branches:
Dungeon (14/15)            Temple (0/1) D:6            Lair (6/6) D:9
 Shoals (4/4) Lair:4       Spider (4/4) Lair:4        Slime (0/5) Lair:6
    Orc (2/2) D:9             Elf (0/3) Orc:2        Vaults (5/5) D:13
  Crypt (3/3) Vaults:2       Tomb (0/3) Crypt:3

Altars:
Cheibriados
Dithmenos
Elyvilon
Fedhas
Gozag
Hepliaklqana
Kikubaaqudgha
Makhleb
Nemelex Xobeh
Okawaru
Ru
Sif Muna
Vehumet
Xom
Yredelemnul
The Shining One
Beogh
Jiyva

Shops:
D:6 *   D:8 *(   Orc:1 (   Orc:2 ([=*   Lair:1 [[:   Vaults:3 !   Vaults:4 =
Vaults:5 :

Annotations:
D:3 exclusion: adder, Sigmund
D:7 Prince Ribbit
D:8 2 runed doors
Lair:5 exclusion: 2 oklob plants
Shoals:2 exclusion: upstairs
Shoals:4 Ilsuiw
Spider:3 Malacante's ghost, journeyman FeBe
Orc:1 stone giant! 5 rocks
Vaults:4 exclusion: 2 doors


Innate Abilities, Weirdness & Mutations

You do not eat or drink.
Your flesh is vulnerable to fire.
You are immune to poison.
Your flesh is cold resistant. (rC+)
You are immune to negative energy. (rN+++)
You are immune to unholy pain and torment.
You can survive without breathing.
You are in touch with the powers of death.


Message History

The vault warden struggles against the net.
The net rips apart, and the vault warden comes free!
Unknown command.
Your soldier ant stings the wraith.
The ironbrand convoker casts a spell at the wraith.
The wraith seems to grow stronger.
The ironbrand convoker hits you but does no damage.
The ironbrand convoker barely misses you.
The ironbrand convoker hits you with a dire flail.
* * * LOW HITPOINT WARNING * * *
Unknown command.
Unknown command.
A halberd of freezing comes into view.
The halberd of freezing moves out of view.
The stone giant throws a large rock.
The large rock hits you!!!
* * * LOW HITPOINT WARNING * * *
The titan waves its arms in wide circles.
The air twists around and strikes you!
You die...
Your body crumbles into a pile of gold.
CW#

$.# ##.. ≈≈ #.. #... # ..## ≈
##....#... $. #.. ..#....#.C#
C.# ≈?##.[#....#..# .. #D.
#..# #....#..###..#
#..##§C###....#........
#8(##................
#####C.......@################
............ppW.u.......§L^
.......((...C..a.W....(....
###########################


You could see a titan, a cyan very ugly thing, a stone giant, a vault warden, an
ironbrand convoker, a hungry ghost, a wraith and a friendly soldier ant.

Vanquished Creatures
  Boris (Vaults:4)
  Arachne (Spider:3)
  Jorgrun (Spider:3)
  Rupert (D:12)
  2 sphinxes
  An ancient champion (Crypt:3)
  A tengu reaver (Vaults:2)
  A fire giant (Vaults:4)
  2 orc warlords
  3 deep elf sorcerers (Vaults:2)
  4 emperor scorpions (Spider:4)
  3 ghost moths (Spider:4)
  5 vault wardens
  5 stone giants
  5 ironheart preservers
  6 very ugly things
  5 vampire knights (Crypt:3)
  An entropy weaver (Vaults:4)
  A spark wasp (Spider:3)
  3 ettins
  5 merfolk javelineers (Shoals:4)
  A deep elf death mage (Crypt:3)
  8 yaktaur captains
  5 fire dragons
  13 jiangshi (Crypt:3)
  2 ice dragons
  Erolcha (Orc:1)
  2 rakshasas
  2 great orbs of eyes
  11 merfolk impalers
  10 vault guards
  4 hydras
  An alligator snapping turtle (Shoals:4)
  Erica (Orc:1)
  2 merfolk aquamancers
  A catoblepas (Lair:6)
  22 two-headed ogres
  5 centaur warriors
  3 merfolk avatars
  A death knight (Crypt:3)
  7 ogre magi
  A vampire mage (Crypt:3)
  2 orc high priests (Orc:2)
  8 death yaks (Lair:6)
  A satyr (Shoals:3)
  A spectral dire elephant (Crypt:3)
  Nergalle (Orc:1)
  2 deep elf knights (Vaults:1)
  2 shadow wraiths (Crypt:3)
  A large abomination (Crypt:3)
  4 unseen horrors
  A deep troll (Vaults:4)
  17 skeletal warriors
  7 sea snakes
  5 wizards
  3 flayed ghosts (Crypt:3)
  A harpy (shapeshifter) (Vaults:3)
  2 necromancers
  A phantasmal warrior (Vaults:1)
  3 deep elf archers
  15 ironbrand convokers
  18 harpies
  2 lindwurms
  Pikel (D:7)
  32 ugly things
  24 wolf spiders
  11 orc knights
  8 fauns
  2 tengu skeletons
  A sphinx zombie (Crypt:2)
  3 deep elf magi
  3 orc sorcerers (Orc:2)
  7 manticores
  5 cyclopes
  4 moths of wrath
  10 orb spiders
  12 slime creatures
  A moth of wrath (shapeshifter) (Vaults:2)
  A salamander (shapeshifter) (Vaults:2)
  2 stone giant skeletons
  3 merfolk sirens
  7 human skeletons (Vaults:2)
  An elephant (Lair:4)
  8 black mambas
  3 torpor snails
  15 vault sentinels
  2 fire giant skeletons
  A guardian serpent (shapeshifter) (Vaults:3)
  5 water nymphs
  An ice statue (IceCv)
  11 spiny frogs
  A spiny frog (shapeshifter) (D:13)
  A dire elephant skeleton (Crypt:1)
  A shock serpent skeleton (Crypt:3)
  An elephant slug zombie (Crypt:2)
  12 freezing wraiths
  11 demonic crawlers
  3 rime drakes
  4 ice devils (IceCv)
  5 komodo dragons
  3 yaktaurs (shapeshifter)
  13 yaktaurs
  2 anaconda simulacra (IceCv)
  A golden dragon simulacrum (IceCv)
  12 merfolk
  22 jumping spiders
  A queen bee (Lair:5)
  A troll (shapeshifter) (Vaults:2)
  3 wind drakes
  7 hornets
  A polar bear (Lair:5)
  3 meliai (Lair:5)
  A jumping spider (shapeshifter) (Vaults:3)
  16 blink frogs
  4 trolls
  A blink frog (shapeshifter) (Vaults:3)
  11 snapping turtles
  10 hippogriffs
  An alligator zombie (Crypt:1)
  5 dream sheep
  A hippogriff (shapeshifter) (Vaults:1)
  43 flying skulls
  5 shadows
  A tarantella (shapeshifter) (Vaults:1)
  9 water elementals
  59 redbacks
  3 dire elephant simulacra (IceCv)
  24 tarantellas
  33 yaks
  An ettin skeleton (Vaults:2)
  3 wraiths
  A vampire (D:13)
  A wyvern (Lair:5)
  A basilisk (shapeshifter) (Vaults:1)
  A human (D:3)
  A hungry ghost (D:8)
  Grum (D:11)
  A death yak simulacrum (IceCv)
  7 wargs
  4 harpy simulacra (IceCv)
  An acid dragon (Vaults:1)
  A gelid demonspawn zombie (Crypt:2)
  2 iron troll simulacra (IceCv)
  2 hydra simulacra (IceCv)
  12 water moccasins
  A black bear (shapeshifter) (Vaults:4)
  3 porcupines
  3 slaves (D:7)
  34 orc warriors
  2 ice beasts
  4 sky beasts
  3 small abominations (Crypt:3)
  4 necrophages (Crypt:3)
  22 ogres
  14 wolves
  3 boggarts (Vaults:2)
  2 phantoms (D:4)
  A boggart (shapeshifter) (Vaults:3)
  5 centaurs
  15 crocodiles
  An elf skeleton (Vaults:2)
  2 big kobolds (D:10)
  19 bullfrogs
  Blork the orc (Orc:2)
  A wyvern zombie (D:9)
  4 elf zombies (Ossuary)
  8 gnoll sergeants (Bailey)
  3 scorpions
  34 killer bees
  An elephant simulacrum (IceCv)
  A troll skeleton (Crypt:1)
  10 wights
  A spriggan skeleton (Crypt:1)
  3 howler monkeys
  4 electric eels
  6 crimson imps
  A draconian simulacrum (IceCv)
  6 centaur zombies
  A yaktaur simulacrum (Vaults:1)
  26 orc priests
  A centaur skeleton (D:7)
  6 gnoll shamans (Bailey)
  4 hounds
  4 human zombies (Ossuary)
  4 jellies
  5 bullfrog skeletons
  23 orc wizards
  Natasha (D:2)
  2 iguanas (D:7)
  3 troll simulacra (IceCv)
  14 worker ants
  A hell rat (Lair:5)
  2 wolf simulacra (IceCv)
  2 centaur simulacra (IceCv)
  A hound skeleton (D:7)
  3 mummies (Ossuary)
  Robin (D:3)
  19 gnolls
  A river rat (Lair:5)
  13 adders
  A howler monkey skeleton (D:8)
  6 naga simulacra (IceCv)
  An ogre simulacrum (IceCv)
  2 shadow imps
  4 white imps (IceCv)
  6 ufetubi (IceCv)
  An adder skeleton (D:9)
  2 worms
  2 dart slugs (D:3)
  3 leopard geckos
  92 orcs
  7 bats
  5 giant cockroaches
  12 goblins
  8 hobgoblins
  20 jackals
  11 kobolds
  9 quokkas
  4 frilled lizards
  A jackal skeleton (D:4)
  A kobold skeleton (Crypt:2)
  A leopard gecko skeleton (D:5)
  2 leopard gecko zombies
  5 rats
  4 plants
1385 creatures vanquished.

Vanquished Creatures (collateral kills)
  A profane servitor (Crypt:3)
  A bone dragon (Crypt:3)
  Jory (Crypt:3)
  A lich (Crypt:3)
  An Ice Fiend (IceCv)
  A fire giant (Vaults:4)
  A revenant (Crypt:3)
  A frost giant (Vaults:3)
  2 emperor scorpions (Spider:4)
  2 vault wardens (Vaults:3)
  A ghoul (Crypt:3)
  2 ironheart preservers
  6 very ugly things
  A stone giant (Vaults:4)
  An entropy weaver (Spider:3)
  A deep elf death mage (Vaults:2)
  2 merfolk javelineers (Shoals:4)
  2 merfolk impalers (Shoals:4)
  An ogre mage (Vaults:4)
  10 jiangshi (Crypt:3)
  A yaktaur captain (Vaults:4)
  16 vault guards
  2 catoblepae (Lair:6)
  An ice dragon (Vaults:3)
  A merfolk avatar (Shoals:1)
  2 centaur warriors (Vaults:3)
  An alligator snapping turtle (Shoals:4)
  4 two-headed ogres
  2 death knights
  A deep troll earth mage (Vaults:4)
  2 deep elf knights (Vaults:2)
  A titan skeleton (Crypt:3)
  3 skeletal warriors (Crypt:3)
  A glowing orange brain (Vaults:3)
  2 sea snakes (Shoals:4)
  2 deep trolls (Vaults:4)
  2 ironbrand convokers
  A deep elf archer (Vaults:3)
  A wolf spider zombie (Crypt:1)
  2 orc knights
  6 orb spiders
  3 harpies (Vaults:3)
  A wolf spider (Vaults:3)
  3 deep elf magi (Vaults:2)
  2 manticores
  2 fauns (Shoals:3)
  An orc sorcerer (Orc:2)
  7 ugly things
  An elephant (shapeshifter) (Vaults:5)
  A vault sentinel (Vaults:4)
  A torpor snail (Spider:1)
  5 yaktaurs (Vaults:3)
  A golden dragon simulacrum (IceCv)
  A troll (Orc:2)
  3 merfolk
  A polar bear (shapeshifter) (Vaults:4)
  An ice dragon zombie (Crypt:3)
  A snapping turtle (Shoals:3)
  9 flying skulls (Crypt:3)
  A yak (Lair:6)
  A yak (shapeshifter) (Vaults:4)
  7 redbacks
  A tarantella (Spider:4)
  A wraith (Crypt:3)
  A warg (Orc:2)
  6 orc warriors
  An ogre (shapeshifter) (Vaults:4)
  2 ogres
  A centaur (Vaults:2)
  An orc simulacrum (Vaults:2)
  4 orc priests
  3 orc wizards
  An iguana (D:10)
  A troll simulacrum (IceCv)
  An ogre simulacrum (IceCv)
  9 orcs
  3 plants
182 creatures vanquished.

Vanquished Creatures (others)
  4 white imps (IceCv)
  An ufetubus (IceCv)
  4 fungi
  10 plants
  97 spectral weapons
116 creatures vanquished.

Grand Total: 1683 creatures vanquished

Notes
Turn   | Place    | Note
-------+----------+-------------------------------------------
     0 | D:1      | Lavandula the Mummy Arcane Marksman began the quest for the Orb.
     0 | D:1      | Reached XP level 1. HP: 15/15 MP: 2/2
   236 | D:1      | Reached XP level 2. HP: 19/21 MP: 0/4
   474 | D:2      | Noticed Natasha
   516 | D:1      | Learned a level 2 spell: Slow
   626 | D:2      | Reached XP level 3. HP: 24/26 MP: 5/5
   676 | D:2      | Found an opulent altar of Gozag.
   688 | D:2      | Became a worshipper of Gozag Ym Sagoz the Greedy
   934 | D:3      | Noticed Sigmund
  1016 | D:2      | Killed Natasha
  1017 | D:2      | Reached XP level 4. HP: 14/32 MP: 4/6
  1290 | D:3      | Found a runed door.
  1290 | D:3      | Noticed a human
  1291 | D:3      | Found a basalt altar of Yredelemnul.
  1316 | D:3      | Killed a human
  1316 | D:3      | Reached XP level 5. HP: 37/37 MP: 2/7
  1396 | D:3      | Noticed Robin
  1456 | D:3      | Killed Robin
  1456 | D:3      | Reached skill level 5 in Crossbows
  1781 | D:4      | Reached XP level 6. HP: 38/43 MP: 8/8
  1886 | D:4      | Found a glowing golden altar of the Shining One.
  2107 | D:4      | Reached XP level 7. HP: 42/48 MP: 3/9
  2269 | D:4      | Found an iron altar of Okawaru.
  2314 | D:4      | Noticed a hippogriff
  2320 | D:4      | Killed a hippogriff
  2464 | D:4      | Found an opulent altar of Gozag.
  2591 | D:5      | Entered Level 5 of the Dungeon
  2591 | D:5      | Found a snail-covered altar of Cheibriados.
  2608 | D:5      | Found a radiant altar of Vehumet.
  2630 | D:5      | Reached skill level 5 in Dodging
  2867 | D:5      | Got a warped buckler
  2873 | D:5      | Identified the +3 buckler of the Forsaken Yaks {+Fly Int-2 Slay+6 Stlth+} (You found it on level 5 of the Dungeon)
  3184 | D:5      | Reached skill level 1 in Shields
  3246 | D:5      | Reached XP level 8. HP: 54/54 MP: 10/10
  3348 | D:5      | Learned a level 4 spell: Cause Fear
  3458 | D:6      | Bought a scroll labeled YZOM IRUOTOI for 31 gold pieces
  3552 | D:6      | Found a hazy altar of Hepliaklqana.
  3804 | D:6      | Found a staircase to the Ecumenical Temple.
  3935 | D:6      | Found a hazy altar of Hepliaklqana.
  4000 | D:7      | Reached skill level 5 in Shields
  4127 | D:7      | Noticed Prince Ribbit
  4187 | D:7      | Found a sand-covered staircase.
  4193 | Ossuary  | Entered an ossuary
  4243 | Ossuary  | Reached XP level 9. HP: 34/64 MP: 11/11
  4568 | Ossuary  | Reached skill level 5 in Fighting
  4914 | D:7      | Noticed Pikel
  5244 | D:7      | Killed Pikel
  5277 | D:7      | Learned a level 3 spell: Ozocubu's Armour
  5416 | D:8      | Noticed a two-headed ogre
  5435 | D:8      | Found a shadowy altar of Dithmenos.
  5460 | D:8      | Found a white marble altar of Elyvilon.
  5460 | D:8      | Found a blossoming altar of Fedhas.
  5465 | D:8      | Found a deep blue altar of Sif Muna.
  5494 | D:8      | Found a flagged portal.
  5504 | Bailey   | Entered a bailey
  5506 | Bailey   | Reached skill level 1 in Maces & Flails
  5604 | Bailey   | Reached skill level 1 in Charms
  6116 | Bailey   | Reached XP level 10. HP: 65/79 MP: 12/12
  6369 | D:8      | Bought a warped mace for 216 gold pieces
  6369 | D:8      | Identified the +9 mace of Purpose {freeze, rElec SInv Stlth+} (You bought it in a shop on level 8 of the Dungeon)
  6431 | D:8      | Found an ancient bone altar of Kikubaaqudgha.
  6528 | D:8      | Found Vaomiwn's Assorted Antiques.
  6662 | D:8      | Reached skill level 5 in Maces & Flails
  6694 | D:8      | Noticed a two-headed ogre
  6713 | D:8      | Killed a two-headed ogre
  6925 | D:8      | Found a runed door.
  6925 | D:8      | Found a runed door.
  6925 | D:8      | Noticed a torpor snail
  6925 | D:8      | Noticed a two-headed ogre
  6925 | D:8      | Noticed a white ugly thing
  7123 | D:9      | Found a sacrificial altar of Ru.
  7223 | D:9      | Found a staircase to the Lair.
  7241 | Lair:1   | Entered Level 1 of the Lair of Beasts
  7339 | Lair:1   | Noticed a spiny frog
  7344 | Lair:1   | Noticed a four-headed hydra
  7366 | Lair:1   | Killed a four-headed hydra
  7369 | Lair:1   | Killed a spiny frog
  7510 | Lair:1   | Noticed a spiny frog
  7521 | Lair:1   | Killed a spiny frog
  7521 | Lair:1   | Reached XP level 11. HP: 61/84 MP: 13/13
  7610 | Lair:1   | Learned a level 2 spell: Shroud of Golubria
  7614 | Lair:1   | Learned a level 3 spell: Spectral Weapon
  8104 | Lair:2   | Identified a scroll of acquirement
  8377 | Lair:3   | Noticed a six-headed hydra
  8379 | Lair:3   | Noticed a lindwurm
  8388 | Lair:3   | Killed a six-headed hydra
  8391 | Lair:3   | Killed a lindwurm
  8391 | Lair:3   | Reached skill level 5 in Hexes
  8882 | Lair:4   | Found a hole to the Spider Nest.
  9016 | Lair:4   | Noticed an eight-headed hydra
  9034 | Lair:4   | Killed an eight-headed hydra
  9042 | Lair:4   | Reached XP level 12. HP: 32/91 MP: 4/16
  9472 | Lair:4   | Reached skill level 10 in Maces & Flails
  9709 | Lair:5   | Learned a level 2 spell: Song of Slaying
  9865 | Lair:5   | Reached skill level 5 in Spellcasting
  9913 | Lair:5   | Learned a level 2 spell: Swiftness
  9941 | Lair:5   | Learned a level 4 spell: Summon Lightning Spire
  9974 | Lair:5   | Reached skill level 1 in Air Magic
 10039 | Lair:5   | Noticed a four-headed hydra
 10058 | Lair:5   | Killed a four-headed hydra
 10088 | Lair:5   | !bees
 10252 | Lair:5   | Reached skill level 1 in Summonings
 10669 | Lair:5   | Gained mutation: You are in touch with the powers of death. [Mummy growth]
 10669 | Lair:5   | Reached XP level 13. HP: 96/96 MP: 13/23
 10801 | Lair:6   | Entered Level 6 of the Lair of Beasts
 10861 | Lair:6   | Found a viscous altar of Jiyva.
 10861 | Lair:6   | Found a staircase to the Slime Pits.
 10967 | Lair:6   | Reached skill level 5 in Summonings
 11026 | Lair:6   | Got a brightly glowing leather armour
 11037 | Lair:6   | Identified the +1 leather armour "Feseakha" {-Cast rElec rN+ Slay+3} (You found it on level 6 of the Lair of Beasts)
 12708 | Lair:6   | Got a fine mace
 12709 | Lair:6   | Identified the +6 mace of Joyful Slaughter {protect, rN++} (You found it on level 6 of the Lair of Beasts)
 13206 | D:9      | Got a faintly glowing ring mail
 13217 | D:9      | Identified the cursed +0 ring mail "Gezeghu" {*Corrode rPois rN+ Dex+3} (You found it on level 9 of the Dungeon)
 13245 | D:9      | Found a staircase to the Orcish Mines.
 13259 | Orc:1    | Entered Level 1 of the Orcish Mines
 13291 | Orc:1    | Found Xaty's Antique Weapon Shop.
 13297 | Orc:1    | Noticed Erolcha
 13552 | Orc:1    | Reached skill level 1 in Evocations
 13564 | Orc:1    | Killed Erolcha
 13567 | Orc:1    | Noticed a stone giant
 13570 | Orc:1    | Noticed an orc warlord
 13907 | Orc:1    | Killed an orc warlord
 14246 | Orc:2    | Entered Level 2 of the Orcish Mines
 14279 | Orc:2    | Found a staircase to the Elven Halls.
 14314 | Orc:2    | Noticed an ettin
 14328 | Orc:2    | Killed an ettin
 14666 | Orc:2    | Noticed an orc warlord
 15117 | Orc:2    | Reached XP level 14. HP: 103/103 MP: 13/24
 15149 | Orc:2    | Reached skill level 5 in Air Magic
 15162 | Orc:2    | Killed an orc warlord
 15396 | Orc:2    | Noticed Blork the orc
 15415 | Orc:2    | Killed Blork the orc
 15463 | Orc:2    | Found a roughly hewn altar of Beogh.
 15683 | Orc:2    | Found Loescheho's General Store.
 15699 | Orc:2    | Found Xuzo's Antique Armour Shop.
 15721 | Orc:2    | Found Niyl's Antique Weapon Shop.
 16167 | Orc:2    | Found a roughly hewn altar of Beogh.
 16715 | Orc:2    | Killed a stone giant
 16715 | Orc:2    | Reached skill level 1 in Ice Magic
 16762 | Orc:2    | Found Ceaclip's Jewellery Shop.
 16786 | Orc:2    | Bought the ring "Jeosop" {*Slow rF++ MR+ Dex+5} for 924 gold pieces
 16804 | Orc:2    | Bought a faintly humming chain mail for 237 gold pieces
 16814 | Orc:2    | Identified the cursed +1 chain mail "Emennob" {+Blink} (You bought it in a shop on level 2 of the Orcish Mines)
 16890 | Orc:1    | Noticed Nergalle
 16894 | Orc:1    | Killed Nergalle
 17025 | Orc:1    | Noticed Erica
 17053 | Orc:1    | Killed Erica
 17246 | D:10     | Entered Level 10 of the Dungeon
 17334 | D:10     | Reached skill level 5 in Evocations
 18199 | Lair:1   | Bought heavily runed pearl dragon scales for 2587 gold pieces
 18209 | Lair:1   | Identified the +4 pearl dragon scales of Beunabi {rC- rN+ Int+6} (You bought it in a shop on level 1 of the Lair of Beasts)
 18263 | Lair:1   | Learned a level 3 spell: Call Canine Familiar
 18350 | Spider:1 | Entered Level 1 of the Spider Nest
 18382 | Spider:1 | Reached skill level 1 in Armour
 18703 | Spider:1 | Reached skill level 5 in Armour
 18856 | Spider:2 | Reached XP level 15. HP: 99/108 MP: 5/25
 18945 | Spider:2 | Found a frozen archway.
 18995 | IceCv    | Entered an ice cave
 19700 | IceCv    | Noticed an Ice Fiend
 19726 | IceCv    | Killed an Ice Fiend
 19868 | Spider:4 | Entered Level 4 of the Spider Nest
 20002 | Spider:3 | Noticed Malacante's ghost (journeyman FeBe)
 20220 | Spider:3 | Noticed Arachne
 20232 | Spider:3 | Killed Arachne
 20253 | Spider:3 | Noticed Jorgrun
 20269 | Spider:3 | Killed Jorgrun
 20461 | Spider:4 | Noticed a ghost moth
 20479 | Spider:4 | Killed a ghost moth
 21093 | Spider:4 | Reached XP level 16. HP: 90/115 MP: 12/26
 21754 | Spider:4 | Got a gossamer rune of Zot
 21923 | Lair:1   | Bought a faintly humming ring mail for 225 gold pieces
 21933 | Lair:1   | Identified the +0 ring mail "Ageafopn" {rElec Str+5 Stlth-} (You bought it in a shop on level 1 of the Lair of Beasts)
 21939 | Lair:1   | Bought a transparent ring mail for 225 gold pieces
 21944 | Lair:1   | Identified the cursed +1 ring mail "Favivacha" {+Fly rF+++ Int+4 Slay-2} (You bought it in a shop on level 1 of the Lair of Beasts)
 21957 | Lair:1   | Bought a shiny helmet for 262 gold pieces
 21988 | Lair:1   | Learned a level 2 spell: Corpse Rot
 22088 | Lair:4   | Found a staircase to the Shoals.
 22109 | Shoals:1 | Entered Level 1 of the Shoals
 22134 | Shoals:1 | Reached skill level 1 in Necromancy
 22159 | Shoals:1 | Reached skill level 2 in Necromancy
 22278 | Shoals:1 | Reached skill level 3 in Necromancy
 22363 | Shoals:2 | Reached skill level 4 in Necromancy
 22497 | Shoals:2 | Reached skill level 5 in Necromancy
 22590 | Shoals:2 | Reached skill level 6 in Necromancy
 22838 | Shoals:3 | Reached skill level 1 in Polearms
 22986 | Shoals:4 | Entered Level 4 of the Shoals
 22986 | Shoals:4 | Noticed Ilsuiw
 23027 | Shoals:3 | Got a faintly glowing shield
 23028 | Shoals:3 | Identified the +4 shield of Liberty {rF+ rCorr} (You acquired it on level 3 of the Shoals)
 23554 | Shoals:4 | Found a shimmering altar of Xom.
 23678 | Shoals:4 | Reached skill level 5 in Polearms
 24038 | Shoals:4 | Reached XP level 17. HP: 110/120 MP: 15/27
 24185 | Shoals:4 | Found a burning altar of Makhleb.
 24388 | Shoals:4 | Got a barnacled rune of Zot
 24921 | D:11     | You fall through a shaft for 3 floors!
 25156 | D:13     | Found a gate to the Vaults.
 25179 | Vaults:1 | Entered Level 1 of the Vaults
 25555 | Vaults:1 | Reached skill level 10 in Polearms
 26152 | D:12     | Noticed Rupert
 26160 | D:12     | Killed Rupert
 26183 | D:11     | Noticed Grum
 26193 | D:11     | Killed Grum
 26340 | Lair:1   | Bought a book of Summonings for 980 gold pieces
 26575 | Vaults:1 | Learned a level 6 spell: Death Channel
 26581 | Vaults:1 | Learned a level 5 spell: Summon Demon
 26658 | Vaults:1 | Reached skill level 7 in Necromancy
 26678 | Vaults:1 | Identified the +2 robe "Dopuef" {-Cast rN+ Regen+ rCorr Str+7} (You found it on level 1 of the Vaults)
 26705 | Vaults:1 | Found a sparkling altar of Nemelex Xobeh.
 26928 | Vaults:1 | Reached skill level 8 in Necromancy
 27043 | Vaults:1 | Got a crude brass ring
 27044 | Vaults:1 | Identified the ring "Mefuarph" {Str+3 Stlth+} (You found it on level 1 of the Vaults)
 27269 | Vaults:1 | Reached skill level 9 in Necromancy
 27450 | Vaults:2 | Reached XP level 18. HP: 99/127 MP: 27/31
 27516 | Vaults:2 | Reached skill level 10 in Necromancy
 27877 | Vaults:2 | Reached skill level 11 in Necromancy
 28277 | Vaults:2 | Found a staircase to the Crypt.
 28282 | Crypt:1  | Entered Level 1 of the Crypt
 28322 | Crypt:1  | Reached skill level 12 in Necromancy
 28418 | Crypt:3  | Entered Level 3 of the Crypt
 28635 | Crypt:3  | Reached skill level 10 in Spellcasting
 28644 | Crypt:3  | Learned a level 4 spell: Control Undead
 28927 | Crypt:3  | Found an ancient bone altar of Kikubaaqudgha.
 29156 | Crypt:3  | Reached skill level 13 in Necromancy
 29163 | Crypt:3  | Got an ancient pewter ring
 29164 | Crypt:3  | Identified the ring of False Pretenses {rC+ rN++ Int+6} (You acquired it on level 3 of the Crypt)
 29759 | Crypt:3  | Noticed a profane servitor
 29769 | Crypt:3  | Killed a profane servitor
 29825 | Crypt:3  | Noticed Jory
 29854 | Crypt:3  | Killed Jory
 29854 | Crypt:3  | Reached XP level 19. HP: 132/132 MP: 3/34
 29919 | Crypt:3  | Noticed a lich
 29941 | Crypt:3  | Killed a lich
 29980 | Crypt:3  | Reached skill level 10 in Dodging
 30040 | Crypt:3  | Noticed a bone dragon
 30053 | Crypt:3  | Killed a bone dragon
 30073 | Crypt:3  | Identified the Reference Book on Dark Rituals
 30108 | Crypt:3  | Found a staircase to the Tomb.
 30335 | Vaults:2 | Reached skill level 1 in Translocations
 30906 | Vaults:3 | Learned a level 5 spell: Summon Forest
 31118 | Vaults:3 | Reached skill level 5 in Translocations
 31169 | Vaults:3 | Found Wanotegh's Distillery.
 31603 | Vaults:3 | Reached skill level 10 in Summonings
 32128 | Vaults:4 | Reached skill level 1 in Stealth
 32235 | Vaults:4 | Bought the amulet of Vitality {Regen+ HP+15} for 1343 gold pieces
 32715 | Vaults:2 | Reached XP level 20. HP: 139/139 MP: 23/36
 32803 | Vaults:2 | Reached skill level 5 in Stealth
 33327 | Vaults:4 | Noticed Boris
 33369 | Vaults:4 | Killed Boris
 33615 | Vaults:5 | Entered Level 5 of the Vaults
 33640 | Vaults:5 | Noticed an ancient lich
 34114 | Vaults:5 | HP: 3/154 [stone giant/large rock (37)]
 34114 | Vaults:5 | Killed from afar by a titan

Vault maps used:
D:1:      dpeg_arrival_windows_large_door
D:2:      grunt_gozag_breadcrumbs, uniq_natasha
D:3:      dk_yredelemnul_ordeal, uniq_robin, uniq_sigmund
D:4:      wad_woods_tower, nicolae_overflow_hidden_temple, tso_metal_star,
          first_bread, lemuel_statue_altar
D:5:      lemuel_doored_altar, old_standard_altar, st_stairs_8
D:6:      old_standard_altar, minmay_temple_entry_fiery, basic_altar
D:7:      nicolae_ossuary_entry_plus, uniq_pikel, uniq_prince_ribbit1
D:8:      minmay_the_grid_triangle_9x9_rhombus_full, kennysheep_mini,
          nicolae_overflow_crystal_walls, chequers_temple_overflow_minitemple,
          serial_shops, shop, enter_bailey_8
D:9:      marbit_many_paths, david_lair_shrubbed, orc_0_dummy,
          kennysheep_generic_room_13
D:11:     uniq_grum
D:12:     uniq_rupert, uniq_sonja
D:13:     david_vaults_1, grunt_tengu_nest
D:14:     kennysheep_nub
Lair:1:   grunt_megastairs_1, serial_bayou_shore_a
Lair:2:   minivault_26, minivault_23, beast_lair_carwin_5, lemuel_fruit_tree
Lair:3:   serial_bayou_lake_a
Lair:4:   elwin_shoals_entry_rooms, spider_nest_entry_webs
Lair:5:   regret_index_harrowing_hell_hive, serial_bayou_shore_b
Lair:6:   evilmike_catoblepas_cave, dpeg_slime_entry_enclosed_altar
Shoals:1: nicolae_shoals_aquamancer_cove, uniq_donald
Shoals:2: nicolae_shoals_water_shrine, uniq_polyphemus
Shoals:3: nicolae_shoals_water_elemental_grotto
Shoals:4: shoals_end_simple, shoals_ilsuiw_alternative, hangedman_feature_mirror
Spider:1: guppyfry_hornet_nest
Spider:2: portal_ice_cave_entry_pillars_2
Spider:3: uniq_arachne, uniq_aizul, uniq_roxanne, uniq_jorgrun
Spider:4: grunt_spider_rune_circles
Orc:1:    serial_shops, shop_fountains, uniq_nergalle, uniq_erolcha, uniq_erica
Orc:2:    grunt_orc_cross, minmay_orc_temple_c
Vaults:1: v_misc_11, nicolae_vaults_little_squares_6, v_misc_25, v_misc_31,
          ontoclasm_vaults_chip, nicolae_vaults_specimen_jars,
          nicolae_vaults_network_square, vaults_room_ringed_pool,
          nicolae_vaults_diagonal_hallway_9, v_pattern_3,
          nicolae_vaults_network_quinsquares, vaults_room_semicircle,
          nicolae_vaults_display_case, basic_altar
Vaults:2: nicolae_vaults_puzzle_piece, grunt_vaults_swirl,
          nicolae_vaults_an_arrangement, minmay_crypt_entry_skeletal_spiral,
          nicolae_vaults_mini_display_case, grunt_vaults_diagonal,
          nicolae_vaults_little_squares_4, v_misc_33, nicolae_vaults_triangles,
          vaults_room_door_ring, ontoclasm_vaults_ring_small,
          vaults_room_semicircle, nicolae_vaults_ring_of_whatevers,
          vaults_dpeg_encased_lava, vaults_dpeg_ring
Vaults:3: v_alt_pattern_2, v_rooms_1, st_smaller_cells, v_alt_pattern_1,
          hangedman_vaults_pinch, vaults_dpeg_diagonal, v_rooms_5,
          grunt_vaults_twisty, hangedman_vaults_locks,
          nicolae_vaults_diagonal_hallway_8, vaults_mumra_chevron,
          vaults_room_mumra_shop_pool, v_misc_16, vaults_room_stairs_pillars,
          vaults_room_grid, serial_shops, freezing_bzr
Vaults:4: nicolae_vaults_network_barrier, vaults_room_corners,
          nicolae_vaults_sealed_display, hangedman_vaults_restitches,
          ontoclasm_vaults_twist, uniq_boris
Vaults:5: uniq_mara
Crypt:1:  small_chamber_with_monster
Crypt:2:  nicolae_crypt_cryptocurrency
Crypt:3:  grunt_crypt_end_deaths_head
Ossuary:  ossuary_minmay_four_chambers
Bailey:   bailey_polearm_gnolls_kennysheep, bailey
IceCv:    ice_cave_caverns_02

Skill      XL: |  1  2  3  4  5  6  7  8  9 10 11 12 13 14 15 16 17 18 19 20 |
---------------+-------------------------------------------------------------+-----
Crossbows      | 2 3 4 5 |  5.1
Short Blades   | 2 |  2.8
Dodging        | 3 5 7 9 10 | 10.6
Shields        | 1 5 |  5.4
Fighting       | 3 7 |  7.3
Maces & Flails | 2 8 9 10 11 | 11.8
Charms         | 1 4 |  4.8
Spellcasting   | 3 6 9 11 12 | 12.3
Hexes          | 6 |  6.5
Air Magic      | 4 5 6 |  6.5
Summonings     | 3 6 8 9 11 | 11.0
Evocations     | 3 6 |  6.8
Ice Magic      | 1 |  1.6
Armour         | 5 8 |  8.9
Necromancy     | 6 9 13 | 13.4
Polearms       | 6 10 | 10.2
Translocations | 5 |  5.0
Stealth        | 4 9 |  9.0

Action                   |  1- 3 |  4- 6 |  7- 9 | 10-12 | 13-15 | 16-18 | 19-21 || total
-------------------------+-------+-------+-------+-------+-------+-------+-------++-------
Melee: Spear             |    39 |    11 |    87 |       |       |       |       ||   137
       Dagger            |       |    62 |   336 |       |       |       |       ||   398
       Long sword        |       |       |     4 |       |       |       |       ||     4
       Whip              |       |       |     3 |    41 |       |       |       ||    44
       Mace              |       |       |       |   428 |  1150 |   312 |       ||  1890
       Demon trident     |       |       |       |       |       |  1026 |   622 ||  1648
 Fire: Hand crossbow     |    44 |    52 |   209 |     6 |       |       |       ||   311
Throw: Tomahawk          |       |       |     6 |    13 |     3 |       |       ||    22
       Javelin           |       |       |       |     1 |    79 |    17 |       ||    97
       Throwing net      |       |       |       |       |     4 |       |     4 ||     8
 Cast: Corona            |    10 |     9 |     6 |       |       |     1 |       ||    26
       Slow              |     2 |     9 |    16 |       |       |       |       ||    27
       Ozocubu's Armour  |       |       |     1 |     8 |    25 |       |       ||    34
       Spectral Weapon   |       |       |       |    43 |   150 |   161 |    51 ||   405
       Shroud of Golubri |       |       |       |    19 |    40 |    63 |    11 ||   133
       Song of Slaying   |       |       |       |     2 |     7 |       |       ||     9
       Cause Fear        |       |       |       |     2 |     3 |     8 |     5 ||    18
       Summon Lightning  |       |       |       |       |    74 |    41 |     5 ||   120
       Call Canine Famil |       |       |       |       |    19 |    30 |     1 ||    50
       Summon Demon      |       |       |       |       |       |    15 |    20 ||    35
       Control Undead    |       |       |       |       |       |    26 |     1 ||    27
       Death Channel     |       |       |       |       |       |     2 |    33 ||    35
       Summon Forest     |       |       |       |       |       |       |     3 ||     3
       Swiftness         |       |       |       |       |       |       |     2 ||     2
Invok: Potion Petition   |       |       |     2 |     2 |     2 |     1 |     4 ||    11
       Call Merchant     |       |       |     1 |     2 |       |     2 |     2 ||     7
 Abil: Stop Flying       |       |       |       |       |       |       |     1 ||     1
Evoke: Wand              |       |       |    11 |     3 |    17 |     8 |     1 ||    40
       Sack of spiders   |       |       |       |       |     5 |     3 |     5 ||    13
       Lamp of fire      |       |       |       |       |     2 |     4 |     1 ||     7
       Phial of floods   |       |       |       |       |       |     2 |     2 ||     4
  Use: Scroll            |     3 |       |    15 |    11 |    20 |    20 |     7 ||    76
 Stab: Sleeping          |       |       |     3 |    14 |     9 |    15 |     7 ||    48
       Distracted        |       |       |     1 |     4 |    30 |    38 |    26 ||    99
       Paralysed         |       |       |       |       |    11 |    11 |       ||    22
       Held in net/web   |       |       |       |       |     3 |       |       ||     3
       Betrayed ally     |       |       |       |       |       |     6 |     1 ||     7
       Invisible         |       |       |       |       |       |       |     1 ||     1
Armor: Robe              |     6 |       |     6 |    58 |    65 |       |       ||   135
       Ring mail         |     8 |       |       |       |       |       |       ||     8
       Leather armour    |       |    14 |    39 |       |       |       |       ||    53
       Pearl dragon scal |       |       |       |       |   293 |   190 |       ||   483
       Quicksilver drago |       |       |       |       |       |   132 |    84 ||   216
Dodge: Dodged            |    38 |    65 |   256 |   260 |   598 |   624 |   206 ||  2047
Block: Buckler           |       |       |   141 |   161 |   399 |   403 |   122 ||  1226
       Rpst.: Long sword |       |       |     2 |       |       |       |       ||     2
